 Dungeon Crawl Stone Soup version 0.31.0-11-ge490571c62 (webtiles) character file.

Game seed: 11368243486508648828

26 qw the Shooter (level 2, 0/16 HPs)
             Began as a Deep Elf Hunter on Feb 4, 2024.
             Succumbed to their own poison gas
             ... on level 1 of the Dungeon.
             The game lasted 00:00:10 (676 turns).

qw the Shooter (Deep Elf Hunter)                     Turns: 676, Time: 00:00:11

Health: 0/16       AC:  3    Str:  8    XL:     2   Next: 89%
Magic:  4/4        EV: 12    Int: 13    God:
Gold:   33         SH:  0    Dex: 18    Spells: 1/1 levels left

rFire   + . .        a - +0 shortbow
rCold   + . .        (shield currently unavailable)
rNeg    . . .        c - +0 leather armour
rPois   .            (no helmet)
rElec   .            (no cloak)
rCorr   .            (no gloves)
SInv    .            (no boots)
Will    .....        (no amulet)
Stlth   ++           e - ring of protection from cold
HPRegen 0.22/turn    l - ring of protection from fire
MPRegen 0.09/turn

%: no passive effects
@: lethally poisoned (0 -> -7)
A: no striking features
a: no special abilities


You were on level 1 of the Dungeon.
You visited 1 branch of the dungeon, and saw 1 of its levels.

You collected 33 gold pieces.


   Skills:
 - Level 1.5 Fighting
 + Level 6.6 Ranged Weapons
 - Level 2.4 Dodging
 - Level 1.2 Stealth


You had one spell level left.
You didn't know any spells.
Your spell library was empty.

Inventory:

Hand Weapons
 a - a +0 shortbow (weapon)
Armour
 c - a +0 leather armour (worn)
Jewellery
 e - a ring of protection from cold (left hand)
 l - a ring of protection from fire (right hand)
Potions
 f - a potion of ambrosia {unknown}
 j - a potion of mutation {unknown}
 k - a potion of brilliance {unknown}

Dungeon Overview and Level Annotations

Branches:
Dungeon (1/15)

Altars:


Message History

You feel strangely unstable.
It was a scroll of teleportation.
You start waiting.
Your surroundings suddenly seem different.
Done exploring.
670 ||| READING scroll labelled OKABBU PEIDUA.
As you read the scroll labelled OKABBU PEIDUA, it crumbles to dust.
You hear a loud clanging noise!
It was a scroll of noise.
Done exploring.
671 ||| READING scroll labelled COACIERIOK.
The air fills with toxic fumes!
As you read the scroll labelled COACIERIOK, it crumbles to dust.
It was a scroll of poison.
Done exploring.
672 ||| READING scroll labelled ZIFRUU BOAF.
As you read the scroll labelled ZIFRUU BOAF, it crumbles to dust.
You feel momentarily disoriented.
It was a scroll of revelation.
Done exploring.
673 ||| DROPPING scroll of butterflies.
You drop a scroll of butterflies.
Done exploring.
What level of the Dungeon? (default 1, ? - help) Sorry, I don't know how to get there.
Enter note:
Enter note:
Enter note:
Enter note:
Enter note:
Enter note:
Enter note:
Enter note:
Enter note: You are engulfed in poison gas.
You are poisoned.
Ouch! That really hurt!
You feel very sick.
675 ||| Stepping ~*~*~tactically~*~*~ (cloud).
You feel very sick.
You see here a scroll of butterflies.
There is a lethal amount of poison in your body!
You die...

#.###.# #..'.P8.<.8P.'.....
##.#.#######..8~.......~8...#.
##.########..#~~.....~~#####.
#.# #####...#~~P.8.P~~##.... #.#
#####..###~~~.~~~###.##. #.#
#####0.#¤##~~P~~##.#.##. #.#
##¤0¤¤¤#¤¤##~~~##..#.##. #.#
##.#¤¤¤¤¤¤¤#####...#.##. #.#
##....#@¤¤¤¤¤¤¤....#....
#.#####.#.#¤##¤##¤0....#..##
#)##...#..¤0......###..#..#
#####.....###¤¤¤..........>)..#
#........#.#¤¤¤¤####..........##
#.#########¤¤¤¤¤####..###.......
#.# ###¤¤¤¤¤......###..##.##
#.##### ###...................#
#.....# #.........(......####


There were no monsters in sight!

Vanquished Creatures
  3 bats (D:1)
  2 endoplasms (D:1)
  A goblin (D:1)
  4 hobgoblins (D:1)
  4 kobolds (D:1)
  2 quokkas (D:1)
  5 ball pythons (D:1)
  A rat (D:1)
22 creatures vanquished.

Notes
Turn   | Place    | Note
-------+----------+-------------------------------------------
     0 | D:1      | qw the Deep Elf Hunter began the quest for the Orb.
     0 | D:1      | Reached XP level 1. HP: 12/12 MP: 3/3
     0 | D:1      | 0 ||| qw: Version: 0.3-a-160-g6735b56
     0 | D:1      | 0 ||| qw: Game counter: 5825
     0 | D:1      | 0 ||| qw: Melee chars always use a shield: true
     0 | D:1      | 0 ||| qw: God list: Okawaru
     0 | D:1      | 0 ||| qw: Allow faded altars: false
     0 | D:1      | 0 ||| qw: Do Orc after clearing Dungeon:15 true
     0 | D:1      | 0 ||| qw: Do second Lair branch before Depths: true
     0 | D:1      | 0 ||| qw: Lair rune preference: random
     0 | D:1      | 0 ||| qw: Goals: Normal
     0 | D:1      | 0 ||| PLANNING D:1-11
   180 | D:1      | Reached XP level 2. HP: 16/16 MP: 4/4
   193 | D:1      | Reached skill level 6 in Ranged Weapons
   268 | D:1      | Found a faded altar of an unknown god.
   663 | D:1      | 663 ||| UPGRADING to ring of protection from cold.
   664 | D:1      | 664 ||| UPGRADING to ring of protection from fire.
   665 | D:1      | 665 ||| READING scroll labelled BOSOAC DITORUL.
   670 | D:1      | 670 ||| READING scroll labelled OKABBU PEIDUA.
   671 | D:1      | 671 ||| READING scroll labelled COACIERIOK.
   672 | D:1      | 672 ||| READING scroll labelled ZIFRUU BOAF.
   673 | D:1      | 673 ||| DROPPING scroll of butterflies.
   675 | D:1      | 675 ||| Stepping ~*~*~tactically~*~*~ (cloud).
   675 | D:1      | HP: 2/16 [poisoned by you (poison gas)]
   676 | D:1      | Succumbed to their own poison gas

Levels and vault maps discovered:
D:1:      lightli_arrival_statuegarden, layout_loops_ring,
          basic_ecumenical_altar

Skill      XL: |  1  2 |
---------------+-------+-----
Ranged Weapons | 6 |  6.6
Fighting       | |  1.5
Dodging        | |  2.4
Stealth        | |  1.2

Action                     || total
---------------------------++-------
   Fire: Shortbow          ||    54
    Use: Scroll            ||     4
 Armour: Leather armour    ||     8
  Dodge: Dodged            ||    10

Table legend:
 A = Non-vault XP
 B = Vault XP
 C = Vault XP percentage of total XP
 D = Non-vault monster count
 E = Vault monster count
 F = Vault count percentage of total count
                 A         B        C        D         E       F
            +---------+---------+-------+---------+---------+-------
      Total |      38 |       0 |   0.0 |      22 |       0 |   0.0
            +---------+---------+-------+---------+---------+-------
        D:1 |      38 |       0 |   0.0 |      22 |       0 |   0.0
            +---------+---------+-------+---------+---------+-------
